Unix NetHack Version 5.0.0-0 post-release - last build May  4 2026 22:22:43 (774f63e81ad911689b3a0859ea89b322d5daca8d,branch:main).

Game began 2026-05-08 03:44:17, ended 2026-05-08 04:11:46.

Ackbladder, neutral male human Priest

                                                             ----------
                                                             |........|
                                                          ###)........|
                                                          #  |........|
                                                          #  |..%{....|
                                                        # # #---|------
                                                        ##@##   ##
                                                         `@##    #
                                            -.------      # #    ##
                                            |.......%%##### #     ######
                                            |.....^|        ##  -------.---
                                            -..)<..|     #######-.........|
                                            --------            |........{|
                                                                ..........|
                                                                -----------

Ackbladder the Acolyte       St:16 Dx:10 Co:15 In:10 Wi:18 Ch:9  Neutral
Dlvl:8  $:241 HP:0(45) Pw:35(66) AC:7  Xp:5 T:3001 

Latest messages:
 The water nymph wakes up!
 The water nymph screams!
 The water nymph drinks a brilliant blue potion!
 The water nymph looks better.
 You hit the water nymph!
 The water nymph stole a cursed ruby potion.
 Your movements are now unencumbered.
 The water nymph vanishes!
 You see here 26 gold pieces.
 $ - 26 gold pieces (241 in total).
 The Woodland-elf thrusts her runed dagger.
 The Woodland-elf hits!
 The Woodland-elf thrusts her runed dagger.
 The Woodland-elf hits!
 The Woodland-elf wields a runed dagger!
 You hit the Woodland-elf!
 The Woodland-elf thrusts her runed dagger.
 The Woodland-elf hits!
 You hit the Woodland-elf!
 The Woodland-elf thrusts her runed dagger.
 The Woodland-elf hits!
 You kill the Woodland-elf!
 There are several objects here.
 The Woodland-elf swings his runed broadsword.
 The Woodland-elf hits!
 In what direction? .
 You feel better.
 The Woodland-elf swings his runed broadsword.
 The Woodland-elf hits!
 In what direction? .
 You feel better.
 The Woodland-elf swings his runed broadsword.
 The Woodland-elf hits!
 In what direction? .
 You feel better.
 The Woodland-elf swings his runed broadsword.
 The Woodland-elf hits!
 In what direction? .
 You feel better.
 The Woodland-elf swings his runed broadsword.
 The Woodland-elf hits!
 The Woodland-elf picks up a leather hat.
 A runed dagger misses you.
 The Mordor orc swings his curved sword.
 The Mordor orc hits!
 The Woodland-elf thrusts her runed spear.
 The Woodland-elf hits!
 You die...
 Do you want your possessions identified? [ynq] (y) y
 Do you want to see your attributes? [ynq] (y) q

Inventory:
 Coins    ('$')
  $ - 241 gold pieces
 Amulets  ('"')
  N - a cursed amulet of strangulation
 Weapons  (')')
  u - a cursed +0 boomerang
  i - 5 +0 darts (at the ready)
  M - a +0 dagger
  y - a cursed -1 dagger
  k - a +0 orcish dagger
  a - a blessed rusty +1 mace (weapon in right hand)
 Armor    ('[')
  l - a +0 orcish helm
  c - a +0 small shield (being worn)
  b - a +0 robe (being worn)
 Comestibles  ('%')
  e - a clove of garlic
  B - 5 food rations
  t - 2 cursed fortune cookies
  f - a sprig of wolfsbane
  Q - a tripe ration
 Scrolls  ('?')
  Z - a cursed scroll of amnesia
  X - a scroll of confuse monster
  H - a cursed scroll of confuse monster
  L - a scroll of create monster
  K - a scroll of enchant armor
  v - 2 scrolls of enchant weapon
  G - a scroll of light
  j - a scroll of remove curse
  w - a scroll of scare monster
 Spellbooks  ('+')
  D - a blessed spellbook of confuse monster
  R - a blessed spellbook of confuse monster
  h - a spellbook of detect food
  o - a blessed spellbook of healing
  S - a spellbook of healing
  g - a spellbook of light
 Potions  ('!')
  U - a potion of gain energy
  P - a potion of invisibility
  n - a blessed potion of oil
  z - a potion of speed
  d - 2 potions of holy water
 Rings    ('=')
  q - a ring of polymorph control
  r - a ring of teleport control
 Wands    ('/')
  W - a wand of striking (0:0)
 Tools    ('(')
  V - a brass lantern
  Y - a mirror
  O - a stethoscope
 Gems/Stones  ('*')
  F - 2 jade stones
  E - a worthless piece of black glass
  I - a worthless piece of orange glass
  T - a worthless piece of red glass
  s - a worthless piece of white glass
  J - a worthless piece of yellowish brown glass

Ackbladder the Priest's attributes:

Background:
 You were an Acolyte, a level 5 human Priest.
 You were neutral, nominally on a mission for Camaxtli
 who was opposed by Quetzalcoatl (lawful) and Huhetotl (chaotic).
 You were right-handed.
 You were in the Dungeons of Doom, on level 8.
 You entered the dungeon 3001 turns ago.
 It was nighttime.
 You had 241 experience points, 79 more were needed to attain level 6.

Basics:
 You had 0 out of 45 hit points.
 You had 35 out of 66 energy points (spell power).
 Your armor class was 7.
 Your wallet contained 241 zorkmids.
 Autopickup was off.

Final Characteristics:
 Your strength was 16 (limit:18/100).
 Your dexterity was 10 (limit:18).
 Your constitution was 15 (limit:18).
 Your intelligence was 10 (limit:18).
 Your wisdom was 18 (limit:18).
 Your charisma was 9 (limit:18).

Final Status:
 You weren't hungry.
 You were unencumbered.
 You were wielding a mace.
 You were skilled in mace.

Final Attributes:
 You were piously aligned.
 You were telepathic.
 You were guarded.
 Your spell casting was enhanced by wearing a robe.
 You are dead.

Miscellaneous:
 You didn't encounter any bones levels.
 Total elapsed playing time was 27 minutes and 29 seconds.

Major events:
 Turn
    1: Ackbladder the neutral human Priest entered the dungeon
  807: attained the rank of Acolyte (level 3)
 1535: entered the Gnomish Mines
 3001: killed by a Woodland-elf

Spells:
 Name                 Level Category     Fail Retention
 light                  1   clerical       0%   81%-90%
 detect food            2   divination    32%  76%-100%
 healing                1   healing        0%  76%-100%
 confuse monster        1   enchantment    0%  76%-100%

Skills:
 Fighting Skills
   bare handed combat [Unskilled]
 Weapon Skills
   club               [Unskilled]
   mace               [Skilled]
   morning star       [Unskilled]
   flail              [Unskilled]
   hammer             [Unskilled]
   quarterstaff       [Unskilled]
   polearms           [Unskilled]
   spear              [Unskilled]
   trident            [Unskilled]
   lance              [Unskilled]
   bow                [Unskilled]
   sling              [Unskilled]
   crossbow           [Unskilled]
   dart               [Unskilled]
   shuriken           [Unskilled]
   boomerang          [Unskilled]
   unicorn horn       [Unskilled]
 Spellcasting Skills
   healing spells     [Unskilled]
   divination spells  [Unskilled]
   clerical spells    [Basic]

Voluntary challenges:
 Character rerolling was not enabled.
 You were an atheist.
 You never genocided any monsters.
 You never polymorphed an object.
 You never changed form.
 You used no wishes.
Achievements:
 You attained the rank of Acolyte.
 You entered the Gnomish Mines.

 The Dungeons of Doom: levels 1 to 8
    Level 1:
    Level 2:
    Level 3:
       Some fountains, a sink.
    Level 4:
       A fountain, a grave.
       Stairs down to The Gnomish Mines.
    Level 5:
    Level 6:
    Level 7:
       A fountain.
    Level 8: <- You were here.
       Some fountains.
       Final resting place for
          you, killed by a Woodland-elf.
 The Gnomish Mines:
    Level 5:


Vanquished creatures:
  a wolf
  a Woodland-elf
  a bugbear
  a water nymph
  a rock mole
  a violet fungus
  a giant ant
  a little dog
  a floating eye
  a kobold leader
  a rothe
  a dwarf zombie
  2 hobbits
  a large kobold
  a giant rat
  a brown mold
  a red mold
  a gnome zombie
  a gecko
 10 jackals
  2 kobolds
  a goblin
  7 grid bugs
  6 lichens
  2 kobold zombies
  4 newts
52 creatures vanquished.

No species were genocided or became extinct.

Game over:
                       ----------
                      /          \
                     /    REST    \
                    /      IN      \
                   /     PEACE      \
                  /                  \
                  |    Ackbladder    |
                  |      241 Au      |
                  |   killed by a    |
                  |   Woodland-elf   |
                  |                  |
                  |                  |
                  |       2026       |
                 *|     *  *  *      | *
        _________)/\\_//(\/(/\)/\//\/|_)_______

Goodbye Ackbladder the Priest...

You died in The Dungeons of Doom on dungeon level 8 with 1531 points,
and 241 pieces of gold, after 3001 moves.
You were level 5 with a maximum of 45 hit points when you died.

